 Dungeon Sprint DCSS version 0.27-a0-1186-g8b4daa1eef (webtiles) character file.

Game seed: 3923995536747288336

100 rocky1 the Cudgeller (level 4, -14/28 HPs)
             Began as a Gargoyle Fighter on May 20, 2021.
             Was an Initiate of Okawaru.
             Demolished by a two-headed ogre
             ... wielding a +0 giant club
              (25 damage)
             ... in the Dungeon (Sprint IX: "|||||||||||||||||||||||||||||").
             The game lasted 00:02:21 (485 turns).

rocky1 the Cudgeller (Gargoyle Fighter)              Turns: 485, Time: 00:02:21

Health: -14/28     AC: 12    Str: 23    XL:     4   Next: 74%
Magic:  4/4        EV: 10    Int:  9    God:    Okawaru [......]
Gold:   0          SH: 10    Dex:  9    Spells: 3/3 levels left

rFire    . . .     SeeInvis .   m - +1 broad axe (freeze)
rCold    . . .     Faith    .   c - +0 kite shield
rNeg     + . .     Spirit   .   o - +2 ring mail
rPois    ∞         Reflect  .   (no helmet)
rElec    +         Harm     .   (no cloak)
rCorr    .         Rampage  .   (no gloves)
Will     .....     NoTele   +   n - +0 pair of boots
Stlth    ..........             (no amulet)
HPRegen  0.09/turn              p - +2 ring of evasion
MPRegen  0.09/turn              q - +3 ring of strength

@: very slightly contaminated, invisible
A: sickness immunity, AC +3, negative energy resistance 1, electricity
resistance, torment resistance 1, petrification resistance
a: Renounce Religion


You were in the Dungeon.
You worshipped Okawaru.
Okawaru was noncommittal.
You visited 1 branch

Inventory:

Hand Weapons
 a - a +0 flail
 m - a +1 broad axe of freezing (weapon)
Armour
 c - a +0 kite shield (worn)
 n - a +0 pair of boots (worn)
 o - a +2 ring mail (worn)
Jewellery
 p - a +2 ring of evasion (left hand)
 q - a +3 ring of strength (right hand)
Wands
 l - a wand of acid (10)
Scrolls
 j - 2 scrolls of blinking
 k - 2 scrolls of amnesia
Potions
 d - a potion of might
 e - 5 potions of curing
 g - a potion of haste
 h - 4 potions of magic
 i - 2 potions of heal wounds


   Skills:
 + Level 3.2 Fighting
 + Level 0.0(4.2) Axes
 + Level 7.5 Maces & Flails
 + Level 3.2 Armour
 + Level 0.0 Dodging
 + Level 6.5 Shields
 + Level 0.0 Invocations


You had 3 spell levels left.
You didn't know any spells.
Your spell library was empty.

Dungeon Overview and Level Annotations

Branches:
Dungeon (1/1)

Altars:
Cheibriados
Dithmenos
Elyvilon
Fedhas
Gozag
Hepliaklqana
Kikubaaqudgha
Makhleb
Nemelex Xobeh
Okawaru
Qazlal
Ru
Sif Muna
Trog
Uskayaw
Vehumet
Wu Jian
Xom
Yredelemnul
Zin
The Shining One
Beogh
Jiyva
Lugonu


Innate Abilities, Weirdness & Mutations

You are immune to sickness and miasma.
Your stone body is resilient. (AC +3)
You are immune to poison.
You resist negative energy. (rN+)
You are resistant to electric shocks. (rElec)
You are resistant to unholy torment.
You are immune to petrification.


Message History

You see here a +0 pair of boots.
You see here a +2 ring mail.
o - a +2 ring mail You start removing your armour.
You continue taking off your +0 scale mail. x4
You finish taking off your +0 scale mail.
You start putting on your armour.
You continue putting on your +2 ring mail. x5
You finish putting on your +2 ring mail.
Unknown command.
p - a +2 ring of evasion
q - a +3 ring of strength
p - a +2 ring of evasion (left hand)
You feel stronger.
q - a +3 ring of strength (right hand) Unknown command.
Drop what? 17/52 slots (_ for help) (? for menu, Esc to quit)
You drop a +0 scale mail.
You open the door.
A yak, a hornet, a centaur, 2 two-headed ogres and a troll come into view.
The centaur shouts!
The two-headed ogre shouts in stereo!
The hornet buzzes angrily.
The troll shouts!
The yak bellows!
The centaur wields a +0 shortbow.
The centaur shoots an arrow.
The arrow hits you but does no damage.
Unknown command.
The centaur unwields a +0 shortbow.
The centaur closely misses you. The centaur barely misses you.
There is an open door to the Dungeon here.
You fade into invisibility!
The centaur barely misses you. The centaur closely misses you.
You are very lightly contaminated with residual magic.
You slash the two-headed ogre! You freeze the two-headed ogre.
The two-headed ogre is moderately wounded.
The centaur wields a +0 shortbow.
The centaur shoots an arrow.
The arrow hits the two-headed ogre!
The two-headed ogre hits you with a +0 giant club!
Ouch! That really hurt!
The two-headed ogre hits you with a +0 giant club!!
Ouch! That really hurt!
You die... ▓▓▓▓▓▓▓▓▓▓▓▓▓▓▓▓▓▓▓▓▓▓▓▓ ______'..)..[..[@OOcyTY+ ▓▓▓▓▓▓▓▓▓▓▓▓▓▓▓▓▓▓▓▓▓▓▓▓

You could see 2 two-headed ogres, a yak, a troll, a hornet and a centaur.

Vanquished Creatures
  A necrophage (D)
  A white imp (D)
  An orc (D)
  A bat zombie (D)
  A giant cockroach (D)
  A goblin (D)
  A hobgoblin (D)
  A jackal (D)
  A bat (D)
  A quokka zombie (D)
10 creatures vanquished.

Notes
Turn   | Place    | Note
-------+----------+-------------------------------------------
     0 | D        | rocky1 the Gargoyle Fighter began the quest for the Orb.
     0 | D        | Reached XP level 1. HP: 14/14 MP: 1/1
    11 | D        | Reached skill level 3 in Maces & Flails
   146 | D        | Noticed a necrophage
   152 | D        | Reached skill level 4 in Maces & Flails
   152 | D        | Reached XP level 2. HP: 4/19 MP: 2/2
   158 | D        | Killed a necrophage
   159 | D        | Reached skill level 7 in Maces & Flails
   159 | D        | Reached XP level 3. HP: 5/23 MP: 3/3
   159 | D        | Reached XP level 4. HP: 7/28 MP: 4/4
   415 | D        | Found a snail-covered altar of Cheibriados.
   415 | D        | Found a shadowy altar of Dithmenos.
   415 | D        | Found a white marble altar of Elyvilon.
   415 | D        | Found a blossoming altar of Fedhas.
   415 | D        | Found an opulent altar of Gozag.
   416 | D        | Found a hazy altar of Hepliaklqana.
   417 | D        | Found a viscous altar of Jiyva.
   418 | D        | Found an ancient bone altar of Kikubaaqudgha.
   419 | D        | Found a corrupted altar of Lugonu.
   420 | D        | Found a burning altar of Makhleb.
   421 | D        | Found a sparkling altar of Nemelex Xobeh.
   422 | D        | Found an iron altar of Okawaru.
   423 | D        | Found a stormy altar of Qazlal.
   424 | D        | Found a sacrificial altar of Ru.
   425 | D        | Found a shimmering blue altar of Sif Muna.
   426 | D        | Found a bloodstained altar of Trog.
   427 | D        | Found a hide-covered altar of Uskayaw.
   428 | D        | Found a radiant altar of Vehumet.
   429 | D        | Found an ornate altar of the Wu Jian Council.
   430 | D        | Became a worshipper of Warmaster Okawaru
   431 | D        | Found a shimmering altar of Xom.
   432 | D        | Found a basalt altar of Yredelemnul.
   433 | D        | Found a glowing silver altar of Zin.
   434 | D        | Found a glowing golden altar of the Shining One.
   482 | D        | Noticed a centaur
   482 | D        | Noticed a two-headed ogre
   482 | D        | Noticed a two-headed ogre
   482 | D        | Noticed a hornet
   482 | D        | Noticed a troll
   482 | D        | Noticed a yak
   485 | D        | Demolished by a two-headed ogre

Illustrated notes

Levels and vault maps discovered:
D:        linesprint [early_d, line_temple, items_1, d_10, items_2, lair_1,
          lair_end, items_3, orc_1, orc_end, items_4, d_15, swamp_1, shoals_1,
          snake_1, spider_1, d_20, vaults_1, items_5, swamp_end, shoals_end,
          snake_end, spider_end, vaults_end, d_27, items_6, zot_1, zot_end,
          crypt_end, forest_end, elf_end, slime_end, tomb_end, abyss_end,
          pan_hell_end]

Skill      XL: |  1  2 |
---------------+-------+-----
Maces & Flails | 4 7 |  7.5
Shields        | 4 6 |  6.5
Fighting       | |  3.2
Armour         | |  3.2

Action                   |  1- 3 |  4- 6 || total
-------------------------+-------+-------++-------
Melee: Flail             |    25 |     3 ||    28
       Broad axe         |       |     1 ||     1
  Use: Potion            |     2 |     1 ||     3
Armor: Scale mail        |    11 |     2 ||    13
       Ring mail         |       |     1 ||     1
Dodge: Dodged            |     2 |     4 ||     6
Block: Kite shield       |     8 |     1 ||     9

Table legend: (Time is in decaauts)
 A = Elapsed time spent in this place.
 B = Non-inter-level travel time spent in this place.
 C = Inter-level travel time spent in this place.
 D = Time resting spent in this place.
 E = Time spent auto-exploring this place.
 F = Levels seen in this place.
 G = Mean time per level.
                   A        B        C        D        E       F      G
               +--------+--------+--------+--------+--------+-----+--------+
         Total |    497 |    497 |      0 |    374 |      0 |   1 |  497.0 |
       Dungeon |    497 |    497 |      0 |    374 |      0 |   1 |  497.0 |
               +--------+--------+--------+--------+--------+-----+--------+

Top non-repeatable levels by time:
       D: 497 daAuts
